Map: Eternal Empire LE

Players

ArT

  • Race: Protoss Protoss
  • Spawn Location: 7:00

AGOElazer (Elazer) - Winner!

  • Race: Zerg Zerg
  • League: Grandmaster
  • Spawn Location: 1:00

Event: DreamHack SC2 Masters 2020 Summer Europe

VOD

Have the link to the VOD?

Description

Time

  • Played on: June 28, 2020, 11:45 a.m.
  • Length: 5:44

All games in this series

Show
View Real Time Build Order
Export as new Build Order

ArT Protoss 

Build Orders: 1 Gate Expand, Phoenix Opening 

Get SALT Encoding   

  12  0:00  Probe  
  13  0:13  Probe  
  14  0:18  Pylon  
  14  0:24  Probe  
  15  0:32  Probe  
  15  0:39  Gateway  
  15  0:41  Probe  
  16  0:48  Assimilator  
  17  0:51  Probe  
  18  1:03  Probe  
  19  1:15  Probe  
  20  1:25  Nexus  
  20  1:35  Cybernetics Core  
  20  1:38  Probe  
  21  1:44  Assimilator  
  21  1:50  Probe  
  22  1:54  Pylon  
  22  2:02  Stalker, Probe  
  23  2:12  Warp Gate  
  23  2:14  Probe  
  26  2:26  Probe  
  26  2:29  Stargate  
  27  2:32  Adept  
  27  2:33  Probe  
  27  2:35  Probe  
  29  2:42  Probe  
  29  2:43  Probe  
  33  2:52  Probe  
  33  2:53  Probe  
  35  3:04  Probe  
  35  3:05  Phoenix, Probe  
  37  3:11  Gateway  
  37  3:16  Probe  
  37  3:17  Probe  
  37  3:18  Adept  
  43  3:22  Pylon  
  43  3:28  Probe  
  43  3:29  Probe  
  43  3:32  Phoenix  
  45  3:36  Pylon  
  45  3:40  Probe  
  48  3:41  Probe  
  48  3:44  Assimilator  
  49  3:50  Pylon  
  49  3:52  Assimilator  
  49  3:55  Phoenix  
  49  3:57  Probe x2  
  49  4:01  Adept  
  55  4:05  Adept  
  57  4:12  Phoenix  
  57  4:14  Pylon  
  57  4:18  Probe x2  
  61  4:30  Probe x2  
  63  4:31  Gateway  
  63  4:33  Gateway  
  63  4:36  Phoenix  
  65  4:42  Probe  
  66  4:51  Adept  
  66  4:52  Adept  
  67  5:00  Phoenix, Pylon  
  67  5:06  Probe x2  
  71  5:11  Pylon  
  71  5:13  Zealot x2  
  75  5:20  Shield Battery  
  71  5:22  Pylon  
  71  5:26  Adept  
  66  5:30  Adept  
  66  5:35  Adept  
  68  5:39  Adept  
Show
View Real Time Build Order
Export as new Build Order

AGOElazer Zerg - Winner!

Build Orders: Hatch First 

Get SALT Encoding   

  12  0:00  Drone  
  13  0:12  Overlord  
  13  0:16  Drone  
  14  0:30  Drone x2  
  16  0:48  Hatchery  
  15  0:51  Drone  
  15  0:55  Drone  
  17  0:59  Drone  
  18  1:09  Extractor  
  17  1:13  Spawning Pool  
  17  1:17  Drone  
  17  1:20  Drone  
  18  1:28  Drone  
  19  1:38  Drone  
  20  1:49  Drone  
  21  1:59  Queen  
  21  2:00  Queen, Zergling x2  
  26  2:01  Overlord  
  26  2:11  Zergling x2  
  26  2:12  Drone  
  28  2:26  Hatchery, Drone  
  28  2:27  Drone  
  29  2:38  Queen  
  29  2:41  Drone x2  
  33  2:45  Metabolic Boost  
  33  2:50  Overlord  
  33  2:53  Drone  
  33  2:57  Drone x2  
  36  3:09  Drone, Overlord  
  36  3:10  Drone x3  
  36  3:12  Drone  
  41  3:14  Drone  
  42  3:20  Queen  
  44  3:31  Drone x5  
  49  3:40  Queen  
  49  3:41  Drone x4  
  55  3:43  Drone  
  56  3:49  Overlord  
  56  3:52  Roach Warren  
  55  3:56  Zergling x2  
  55  3:57  Zergling x4  
  58  4:03  Overlord  
  58  4:08  Zergling x10  
  63  4:16  Zergling x6  
  66  4:24  Zergling x8  
  70  4:26  Spore Crawler  
  70  4:28  Spore Crawler x2  
  67  4:32  Overlord  
  67  4:37  Zergling x10  
  72  4:42  Overlord  
  74  4:52  Drone x3  
  74  4:54  Drone  
  74  4:57  Drone x6  
  80  5:01  Drone x3  
  80  5:02  Extractor  
  80  5:03  Drone  
  83  5:07  Overlord  
  83  5:10  Drone  
  88  5:18  Drone x3  
  87  5:24  Spore Crawler  
  87  5:25  Drone  
  87  5:26  Spore Crawler  
  84  5:29  Drone x3  
  85  5:37  Hatchery  
Tags
 
Add a new tag
Caveats
  • Supply blocks, unpowered buildings, or Contaminate may cause inaccurate times.
  • Supply counts are checked every 10 seconds.